 Dungeon Crawl Stone Soup version 0.30-a0-862-g1aabd4f9c5 (webtiles) character file.

Game seed: 14633115256154221996

11 Esekla the Sneak (level 2, 21/21 HPs)
             Began as an Octopode Delver on Mar 9, 2023.
             Quit the game on level 5 of the Dungeon.
             The game lasted 00:01:11 (107 turns).

Esekla the Sneak (Octopode Delver)                   Turns: 107, Time: 00:01:11

Health: 21/21      AC:  1    Str: 11    XL:     2   Next: 29%
Magic:  2/2        EV: 13    Int: 12    God:
Gold:   0          SH:  0    Dex: 13    Spells: 1/1 levels left

rFire   . . .      SeeInvis .    a - +0 falchion
rCold   . . .      Faith    .    (no shield)
rNeg    . . .      Spirit   .    (helmet restricted)
rPois   .          Reflect  .    (no amulet)
rElec   .          Rampage  .    (no ring)
rCorr   .                        (no ring)
Will    .....                    (no ring)
Stlth   ++++                     (no ring)
HPRegen 0.23/turn                (no ring)
MPRegen 0.08/turn                (no ring)
                                 (no ring)
                                 (no ring)

@: no status effects
A: almost no armour, amphibious, 8 rings, camouflage 1, gelatinous body 1,
(nimble swimmer 1), tentacles
a: no special abilities


You were on level 5 of the Dungeon.
You visited 1 branch of the dungeon, and saw 1 of its levels.

Inventory:

Hand Weapons
 a - a +0 falchion (weapon)
Wands
 c - a wand of light (13)
 f - a wand of digging (3)
Scrolls
 b - a scroll of fog
 d - a scroll of fear
Potions
 e - 3 potions of haste


   Skills:
 * Level 3.1 Fighting
 * Level 2.1 Long Blades
 * Level 2.1 Dodging
 + Level 6.9 Stealth
 * Level 0.3 Spellcasting


You had one spell level left.
You didn't know any spells.
Your spell library contained the following spells:

 Spells                   Type           Power      Damage    Failure   Level
 Summon Small Mammal      Summ           0%         N/A       32%         1
 Call Canine Familiar     Summ           0%         N/A       69%         3
 Summon Guardian Golem    Hex/Summ       0%         N/A       69%         3


Dungeon Overview and Level Annotations

Branches:
Dungeon (5/15)
 Temple: D:4-7

Altars:
Trog
Wu Jian


Innate Abilities, Weirdness & Mutations

You cannot wear most types of armour.
You are amphibious.
You can wear up to eight rings at the same time.
Your skin changes colour to match your surroundings (Stealth+).
Your rubbery body absorbs attacks. (AC +1, EV +1)
((You are camouflaged when in or above water. (Stealth+)))
You have tentacles for arms and can constrict up to eight enemies at once.


Message History

You add the spells Summon Small Mammal, Call Canine Familiar and Summon Guardian Golem to your library.
A hound comes into view.
Found a stone staircase leading up.
A scorpion comes into view.
The scorpion moves out of view.
Found 7 stones.
An adder and a water moccasin come into view.
Found a stone staircase leading down.
The helpless adder fails to defend itself.
You slash the adder! Your grab misses the adder.
The adder is severely wounded.
The adder bites you. The adder misses you.
You hit the adder. You grab the adder.
The adder is severely wounded.
You constrict the adder. The adder bites you but does no damage.
You barely miss the adder.
You squeeze the adder, but do no damage.
The adder is almost dead.
You constrict the adder.
You kill the adder!
You have reached level 2!
There is a stone staircase leading down here.
You open the door.
An orc comes into view. It is wielding a +0 hand axe.
There is an open door here.
The helpless orc fails to defend itself.
You hit the orc. Your grab misses the orc. Your squeeze misses the orc.
The orc is moderately wounded.
The orc misses you.
You slash the orc!
You kill the orc!
Things that are here:
a +0 hand axe; a +0 ring mail
Found a short ivory wand.
Found a bloodstained altar of Trog.
c - a wand of light (13)
Things that are here:
a +0 hand axe; a +0 ring mail You enter the deep water.
Found an ornate altar of the Wu Jian Council.
Are you sure you want to abandon this character and quit the game? (Confirm with "yes".)

,,,,,#,*#......##,...### *..###..
*,,,*#.####....#..,....##*###....
**,**#...##...##.###....# #....#
**,,,.........#....###..####..###
*,,,*#...#....#......##..≈≈..##..
,,,**#..*#....#..._...#..≈≈..#...
,,,*,..,*##..h#......##..≈≈).##..
,***,,,,* #...#....###..+##'..###
,*,*,,,,**#...##@###....#..#....#
,,,,,,,,,,#....#.......##..##....
,,,,,,.....##.###....####.#####..
,,,,,,....###.#########...# ###
,,,,,.....#............>.##
,,,,,....,#...#..........#
,,,,,.........#..#########
**,,,.....(......#
,,,*,,.S..#..#...#


There were no monsters in sight!

Vanquished Creatures
  An adder (D:5)
  An orc (D:5)
2 creatures vanquished.

Notes
Turn   | Place    | Note
-------+----------+-------------------------------------------
     0 | D:5      | Esekla the Octopode Delver began the quest for the Orb.
     0 | D:5      | Reached XP level 1. HP: 16/16 MP: 1/1
    35 | D:5      | Noticed a hound
    43 | D:5      | Noticed a scorpion
    46 | D:5      | Noticed a water moccasin
    53 | D:5      | Reached XP level 2. HP: 20/21 MP: 2/2
    76 | D:5      | Found a bloodstained altar of Trog.
   106 | D:5      | Found an ornate altar of the Wu Jian Council.
   107 | D:5      | Quit the game

Illustrated notes

Levels and vault maps discovered:
D:5:      layout_cave_pools, mainiacjoe_overflow_two_lobes,
          hangedman_abyss_or_decor_stagger

Action                     || total
---------------------------++-------
  Melee: Falchion          ||     5
         Constrict         ||     1
         Tentacles         ||     1
    Use: Scroll            ||     1
   Stab: Sleeping          ||     2
 Armour: Skin              ||     1
  Dodge: Dodged            ||     2

Table legend: (Time is in decaauts)
 A = Elapsed time spent in this place.
 B = Non-inter-level travel time spent in this place.
 C = Inter-level travel time spent in this place.
 D = Time resting spent in this place.
 E = Time spent auto-exploring this place.
 F = Levels seen in this place.
 G = Mean time per level.
                   A        B        C        D        E       F      G
               +--------+--------+--------+--------+--------+-----+--------+
         Total |    108 |    108 |      0 |      0 |      0 |   1 |  108.0 |
       Dungeon |    108 |    108 |      0 |      0 |      0 |   1 |  108.0 |
               +--------+--------+--------+--------+--------+-----+--------+

Top non-repeatable levels by time:
     D:5: 108 daAuts
